 Dungeon Crawl Stone Soup version 0.21-a0-329-g12f17e1 (webtiles) character file.

51 vishdafish the Charmwright (level 3, 23/27 HPs)
             Began as a Demonspawn Skald on Oct 1, 2017.
             Quit the game on level 2 of the Dungeon.
             The game lasted 00:01:51 (801 turns).

vishdafish the Charmwright (Demonspawn Skald)        Turns: 801, Time: 00:01:52

Health: 23/27      AC:  4    Str: 11    XL:     3   Next: 58%
Magic:  6/6        EV: 12    Int: 15    God:
Gold:   54         SH:  0    Dex: 12    Spells: 5/6 levels left

rFire    . . .     SeeInvis .   a - +0 spear
rCold    . . .     Gourm    .   (no shield)
rNeg     . . .     Faith    .   b - +0 leather armour
rPois    .         Spirit   +   i - +0 helmet
rElec    .         Reflect  .   (no cloak)
rCorr    .         Harm     .   (no gloves)
MR       .....                  (no boots)
Stlth    +.........             (no amulet)
HPRegen  0.09/turn              (no ring)
MPRegen  0.10/turn              (no ring)

@: no status effects
A: hooves 1, magic shield
a: no special abilities


You were on level 2 of the Dungeon.
You were not hungry.

You visited 1 branch of the dungeon, and saw 2 of its levels.

You collected 54 gold pieces.

Inventory:

Hand Weapons
 a - a +0 spear (weapon)
Armour
 b - a +0 leather armour (worn)
 i - a +0 helmet (worn)
 j - a +0 buckler
Wands
 l - a wand of disintegration (5/24)
Scrolls
 e - 2 scrolls of remove curse {unknown}
 f - a scroll of enchant armour {unknown}
 g - 2 scrolls of identify {unknown}
 k - a scroll of teleportation {unknown}
Potions
 h - a potion of berserk rage {unknown}
 m - a potion of cancellation {unknown}
Books
 c - a book of Battle

   Spells                             Type                      Level
   a - Infusion                       Charms                       1
   b - Shroud of Golubria             Charms/Translocation         2
   c - Song of Slaying                Charms                       2
   d - Spectral Weapon                Hexes/Charms                 3
   e - Regeneration                   Charms/Necromancy            3
Comestibles
 d - a bread ration


   Skills:
 - Level 2.1 Fighting
 + Level 2.3 Polearms
 + Level 1.5 Armour
 - Level 2.0 Dodging
 * Level 1.2 Shields
 - Level 2.0 Spellcasting
 - Level 3.0 Charms


You had 5 spell levels left.
You knew the following spells:

 Your Spells              Type           Power        Failure   Level  Hunger
a - Infusion              Chrm           ##..         9%          1    #......


Dungeon Overview and Level Annotations

Branches:
Dungeon (2/15)

Altars:


Innate Abilities, Weirdness & Mutations

You have large cloven feet.
When hurt, damage is shared between your health and your magic reserves.


Message History

The giant cockroach is almost dead.
The giant cockroach barely misses you.
You barely miss the giant cockroach.
The giant cockroach is almost dead.
The giant cockroach barely misses you.
You closely miss the giant cockroach.
The giant cockroach is almost dead.
The giant cockroach closely misses you.
You hit the giant cockroach.
You kill the giant cockroach!
No target in view!
No target in view!
No target in view!
No target in view!
No target in view!
No target in view!
No target in view!
l - a wand of disintegration (?/24)
m - a glowing orange potion Are you sure you want to abandon this character and quit the game? (Confirm with "yes".)

....# ###########
....####.........#
..........######.#
###..#.....# #.#
#..#....)# #.#
#..†.....# #.#
##.#.....# #.#
#.#.....# #.#
#.####.## #@# #.#
.# #.# #.# ..# #.#
#### #.# #.##.#
#.##.# #.##.#
#.##.#


There were no monsters in sight!

Vanquished Creatures
  2 adders (D:2)
  2 dart slugs (D:1)
  4 bats (D:1)
  4 giant cockroaches
  7 goblins
  2 hobgoblins (D:1)
  A kobold (D:1)
  A ball python (D:1)
  A frilled lizard (D:1)
  3 rats (D:1)
27 creatures vanquished.

Notes
Turn   | Place    | Note
-------+----------+-------------------------------------------
     0 | D:1      | vishdafish the Demonspawn Skald began the quest for the Orb.
     0 | D:1      | Reached XP level 1. HP: 16/16 MP: 3/3
    44 | D:1      | Reached skill level 3 in Charms
    44 | D:1      | Gained mutation: You have large cloven feet. [demonic ancestry]
    44 | D:1      | Reached XP level 2. HP: 20/22 MP: 0/5
    45 | D:1      | Reached skill level 1 in Armour
   645 | D:2      | Reached skill level 1 in Shields
   645 | D:2      | Gained mutation: When hurt, damage is shared between your health and your magic reserves. [demonic ancestry]
   645 | D:2      | Reached XP level 3. HP: 22/27 MP: 2/6
   801 | D:2      | Quit the game

Vault maps used:
D:1:      dpeg_arrival_pits
D:2:      tgw_trog

Skill      XL: |  1  2 |
---------------+-------+-----
Charms         | 3 |  3.0
Armour         | 1 |  1.5
Polearms       | 2 |  2.3
Dodging        | 2 |  2.0
Shields        | 1 |  1.2
Fighting       | |  2.1
Spellcasting   | |  2.0

Action                   || total
-------------------------++-------
Melee: Spear             ||    95
       Kick              ||     8
 Cast: Infusion          ||     6
Armor: Leather armour    ||    15
Dodge: Dodged            ||    42

Table legend:
 A = Spawn XP
 B = Non-spawn XP
 C = Spawn XP percentage of total XP
 D = Spawn monster count
 E = Non-spawn monster count
 F = Spawn count percentage of total count
 G = Total turns spent on level
                    A         B        C        D         E        F      G
               +---------+---------+-------+---------+---------+-------+---------
         Total |       0 |      74 |   0.0 |       0 |      27 |   0.0 |   801
               +---------+---------+-------+---------+---------+-------+---------
           D:1 |       0 |      37 |   0.0 |       0 |      20 |   0.0 |   588
           D:2 |       0 |      37 |   0.0 |       0 |       7 |   0.0 |   213
               +---------+---------+-------+---------+---------+-------+---------
